 Dungeon Crawl Stone Soup version 0.31-a0-236-g9a0961fb85 (webtiles) character file.

Game seed: 16737220663954838067

188 innerfire43 the Trooper (level 5, 0/43 HPs)
             Began as a Demonspawn Monk on July 10, 2023.
             Was an Initiate of Cheibriados.
             Slain by an adder (3 damage)
             ... on level 4 of the Dungeon.
             The game lasted 00:03:02 (2441 turns).

innerfire43 the Trooper (Demonspawn Monk)           Turns: 2441, Time: 00:03:02

Health: 0/43       AC:  2    Str: 14    XL:     5   Next: 39%
Magic:  5/5        EV: 13    Int: 12    God:    Cheibriados [......]
Gold:   154        SH:  0    Dex: 17    Spells: 4/4 levels left

rFire   . . .        a - +0 hand axe
rCold   . . .        d - orb {light}
rNeg    . . .        b - +0 robe
rPois   .            (no helmet)
rElec   .            (no cloak)
rCorr   .            (no gloves)
SInv    .            (no boots)
Will    +....        (no amulet)
Stlth   +            i - ring of willpower
HPRegen 0.27/turn    (no ring)
MPRegen 0.09/turn

%: no passive effects
@: confused, lethally poisoned (0 -> -9), ambrosia-drunk, glowing, very slow
A: ignite blood 1, weakness stinger 1
a: Renounce Religion


You were on level 4 of the Dungeon.
You worshipped Cheibriados.
Cheibriados was noncommittal.
You visited 1 branch of the dungeon, and saw 4 of its levels.

You collected 154 gold pieces.

Inventory:

Hand Weapons
 a - a +0 hand axe (weapon)
Armour
 b - a +0 robe (worn)
 d - an orb of light (worn)
Jewellery
 i - a ring of willpower (left hand)
Scrolls
 e - 3 scrolls of identify {unknown}
 f - 2 scrolls of immolation {unknown}
 g - 3 scrolls of enchant armour {unknown}
 h - a scroll of teleportation {unknown}
 j - 4 scrolls of torment {unknown}
 l - a scroll of fear {unknown}
Potions
 c - a potion of ambrosia
 k - a potion of heal wounds {unknown}
 m - a potion of attraction {unknown}
 n - 3 potions of curing {unknown}
 o - 2 potions of brilliance {unknown}
 p - 2 potions of cancellation {unknown}
 q - a potion of enlightenment {unknown}


   Skills:
 + Level 4.3 Fighting
 + Level 3.9 Axes
 + Level 3.8 Dodging


You had 4 spell levels left.
You didn't know any spells.
Your spell library contained the following spells:

 Spells                   Type           Power      Damage    Failure   Level
 Kiss of Death            Conj/Necr      0%         2d5       32%         1
 Confusing Touch          Hex            0%         N/A       69%         3
 Dispel Undead            Necr           0%         3d6       97%         4


Dungeon Overview and Level Annotations

Branches:
Dungeon (4/15)
 Temple: D:4-7

Altars:
Cheibriados
Makhleb
Ru
Wu Jian


Innate Abilities, Weirdness & Mutations

Your demonic aura sometimes causes spilled blood to erupt in flames.
You have a small tail.


Message History

The orc misses you. The adder barely misses you.
You have reached level 5!
You barely miss the adder.
The orc hits you from afar with a +0 trident.
The adder barely misses you.
Unknown command.
You hit the adder but do no damage. The adder closely misses you.
The orc barely misses you. The orc hits you but does no damage.
The adder bites you.
You are poisoned.
The adder poisons you!
You hit the adder.
The adder is lightly wounded.
You feel sick. The adder closely misses you. The orc misses you.
Unknown command.
You hit the adder.
The adder is moderately wounded.
You feel sick. The adder bites you.
You are more poisoned.
The adder poisons you!
The orc hits you from afar with a +0 trident.
* * * LOW HITPOINT WARNING * * *
You closely miss the adder.
The adder is moderately wounded.
* * * LOW HITPOINT WARNING * * *
You feel sick. The adder closely misses you. The orc closely misses you.
The adder bites you.
* * * LOW HITPOINT WARNING * * *
Unknown command.
You barely miss the adder.
The adder is moderately wounded.
* * * LOW HITPOINT WARNING * * *
You feel sick. The adder misses you. The orc completely misses you.
Unknown command.
You are confused.
You feel invigorated.
You feel sick. The adder bites you.
* * * LOW HITPOINT WARNING * * *
You are more poisoned.
The adder poisons you! The orc barely misses you. The adder bites you.
You die...

.# #.### .... ..#
.#########..#
..=...)...ยง.###
####.)o.........
......).##.#.##.#
#####.#.@SJ# #
#.####...... #
..#.#. .## ##


You could see a jelly, an adder and an orc.

Vanquished Creatures
  A phantom (D:4)
  3 adders
  4 worms
  2 dart slugs
  9 orcs
  8 endoplasms
  2 giant cockroaches
  5 goblins
  4 hobgoblins
  5 jackals (D:2)
  4 quokkas
  4 ball pythons (D:1)
  5 bats
  4 frilled lizards
  2 kobolds
  4 rats
66 creatures vanquished.

Notes
Turn   | Place    | Note
-------+----------+-------------------------------------------
     0 | D:1      | innerfire43 the Demonspawn Monk began the quest for the
                  | Orb.
     0 | D:1      | Reached XP level 1. HP: 18/18 MP: 1/1
   410 | D:1      | Gained mutation: Your demonic aura sometimes causes spilled
                  | blood to erupt in flames. [demonic ancestry]
   410 | D:1      | Reached XP level 2. HP: 17/24 MP: 2/2
   519 | D:1      | Found a faded altar of an unknown god.
  1020 | D:1      | Prayed at the altar of an unknown god.
  1020 | D:1      | Became a worshipper of the Wu Jian Council
  1020 | D:1      | Reached * piety under Wu Jian
  1020 | D:1      | Reached ** piety under Wu Jian
  1102 | D:2      | Reached XP level 3. HP: 29/29 MP: 3/3
  1201 | D:2      | Found a sacrificial altar of Ru.
  1272 | D:2      | Reached *** piety under Wu Jian
  1583 | D:2      | Gained mutation: You have a small tail. [demonic ancestry]
  1583 | D:2      | Reached XP level 4. HP: 37/37 MP: 4/4
  1920 | D:3      | Found a burning altar of Makhleb.
  2028 | D:3      | Reached skill level 4 in Fighting
  2129 | D:3      | Found a snail-covered altar of Cheibriados.
  2367 | D:3      | Fell from the grace of Wu Jian
  2367 | D:3      | Became a worshipper of Cheibriados the Contemplative
  2420 | D:4      | Noticed a phantom
  2434 | D:4      | Killed a phantom
  2435 | D:4      | Reached XP level 5. HP: 25/43 MP: 5/5
  2441 | D:4      | Slain by an adder

Illustrated notes

Levels and vault maps discovered:
D:1:      zaba_arrival_water, layout_basic,
          hellmonk_ecumenical_altar_pennies_from_heaven
D:2:      layout_basic, basic_altar, minmay_increasing_density
D:3:      layout_basic, mainiacjoe_overflow_surrounded_room,
          cheibrodos_worm_habitat
D:4:      layout_loops_ring, nicolae_qazlal_scattered_showers, serial_glass,
          glass_columns_b, glass_columns_a, grunt_tough_drop, uniq_ijyb,
          uniq_grinder, uniq_edmund

Skill      XL: |  1  2  3  4 |
---------------+-------------+-----
Axes           | 3 |  3.9
Dodging        | 3 |  3.8
Fighting       | 4 |  4.3

Action                     |  1- 3 |  4- 6 || total
---------------------------+-------+-------++-------
  Melee: Hand axe          |   112 |    56 ||   168
         Tailslap          |       |     6 ||     6
Ability: Lunge             |     7 |     4 ||    11
         Whirlwind         |       |     2 ||     2
    Use: Potion            |       |     1 ||     1
 Armour: Robe              |     4 |     7 ||    11
  Dodge: Dodged            |    62 |    44 ||   106

Table legend: (Time is in decaauts)
 A = Elapsed time spent in this place.
 B = Non-inter-level travel time spent in this place.
 C = Inter-level travel time spent in this place.
 D = Time resting spent in this place.
 E = Time spent auto-exploring this place.
 F = Levels seen in this place.
 G = Mean time per level.
                   A        B        C        D        E       F      G
               +--------+--------+--------+--------+--------+-----+--------+
         Total |   2502 |   2446 |     56 |      0 |   1978 |   4 |  625.5 |
       Dungeon |   2502 |   2446 |     56 |      0 |   1978 |   4 |  625.5 |
               +--------+--------+--------+--------+--------+-----+--------+

Top non-repeatable levels by time:
     D:1: 1044 daAuts
     D:3: 785 daAuts
     D:2: 647 daAuts
     D:4: 25 daAuts
